 Dungeon Crawl Stone Soup version 0.28-a0-881-gae16bb6c82 (webtiles) character file.

Game seed: 3057798381507259442

2644 Peloso the Carver (level 9, -6/118 HPs)
             Began as a Minotaur Fighter on Nov 21, 2021.
             Was a Follower of Okawaru.
             Mangled by an orc warrior (7 damage)
             ... on level 6 of the Dungeon.
             The game lasted 00:12:47 (7472 turns).

Peloso the Carver (Minotaur Fighter)                Turns: 7472, Time: 00:12:47

Health: -6/118     AC: 11    Str: 23    XL:     9   Next: 35%
Magic:  8/8        EV:  9    Int:  5    God:    Okawaru [*.....]
Gold:   350        SH:  5    Dex: 11    Spells: 8/8 levels left

rFire   . . .      SeeInvis .   a - +0 long sword
rCold   . . .      Faith    .   c - +0 buckler
rNeg    . . .      Spirit   .   e - +0 chain mail
rPois   .          Reflect  .   (helmet restricted)
rElec   .          Harm     .   (no cloak)
rCorr   .          Rampage  .   (no gloves)
Will    .....                   (no boots)
Stlth   ..........              (no amulet)
HPRegen 0.29/turn               (no ring)
MPRegen 0.11/turn               (no ring)

@: berserking, very quick
A: horns 2, retaliatory headbutt
a: Renounce Religion, Heroism


You were on level 6 of the Dungeon.
You worshipped Okawaru.
Okawaru was aware of your devotion.
You visited 2 branches of the dungeon, and saw 7 of its levels.

You collected 350 gold pieces.

Inventory:

Hand Weapons
 a - a +0 long sword (weapon)
Missiles
 g - 2 throwing nets (quivered)
Armour
 b - a +1 scale mail
 c - a +0 buckler (worn)
 e - a +0 chain mail (worn)
Jewellery
 k - a ring of flight
Scrolls
 f - 3 scrolls of teleportation
 j - a scroll of amnesia
 m - a scroll of blinking {unknown}
 o - a scroll of enchant weapon {unknown}
 q - a scroll of fog
 r - a scroll of fear {unknown}
 s - a scroll of torment {unknown}
 t - a scroll of magic mapping {unknown}
Potions
 d - a potion of might
 h - 3 potions of mutation
 l - 2 potions of curing {unknown}
 n - a potion of ambrosia {unknown}
 p - a potion of cancellation {unknown}


   Skills:
 + Level 7.0 Fighting
 + Level 10.1 Long Blades
 + Level 8.7 Armour
 + Level 2.7 Dodging
 + Level 1.1 Stealth
 + Level 6.3 Shields


You had 8 spell levels left.
You didn't know any spells.
Your spell library was empty.

Dungeon Overview and Level Annotations

Branches:
Dungeon (6/15)             Temple (1/1) D:4

Altars:
Ashenzari
Cheibriados
Elyvilon
Fedhas
Hepliaklqana
Kikubaaqudgha
Makhleb
Okawaru
Sif Muna
Uskayaw
Vehumet
Wu Jian
Yredelemnul
Zin

Shops:
D:3 (

Annotations:
D:2 1 runed translucent door, Crazy Yiuf
D:4 2 transporters


Innate Abilities, Weirdness & Mutations

You have a pair of horns on your head.
You reflexively headbutt those who attack you in melee.


Message History

The orc priest is heavily wounded.
You block the orc priest's attack.
Unknown command.
You slash the orc priest!
You kill the orc priest!
Okawaru accepts your kill.
Unknown command.
You slash the orc priest!
The orc priest is heavily wounded.
The orc warrior hits you with a +0 dire flail!
* * * LOW HITPOINT WARNING * * *
The orc hits you with a +0 hand axe.
* * * LOW HITPOINT WARNING * * *
The orc priest closely misses you. You furiously retaliate!
You headbutt the orc priest, but do no damage.
A red film seems to cover your vision as you go berserk!
You feel yourself moving faster!
You feel mighty! The orc warrior closely misses you.
You block the orc's attack.
The orc priest hits you but does no damage.
You barely miss the orc priest.
The orc priest is heavily wounded.
The orc warrior hits you with a +0 dire flail.
* * * LOW HITPOINT WARNING * * *
The orc closely misses you. The orc priest hits you with a +0 club.
* * * LOW HITPOINT WARNING * * *
Unknown command.
You barely miss the orc priest.
The orc priest is heavily wounded.
Unknown command.
You closely miss the orc priest.
The orc priest is heavily wounded.
The orc warrior hits you with a +0 dire flail.
* * * LOW HITPOINT WARNING * * *
The orc hits you but does no damage. The orc priest closely misses you.
Unknown command.
You slash the orc priest!
You kill the orc priest!
Okawaru accepts your kill.
The orc warrior hits you with a +0 dire flail!
You die...

########### ..........#
.........<# ..........#
...##.....# #####.....# ... ..
..........# .. ..
...##....########## ###' ..
...#####'#.....o@.# ###...###..
.........#.....)o.# ............
.........#........# ....o.......
...##....#........# ............
...##....#........# ............
....#....#........# .......o....
....#....#........# ............
...)#....#........# ............
...##+####(.......#########...#..


You could see an orc warrior and an orc.

Vanquished Creatures
  Prince Ribbit (D:6)
  2 ice beasts
  A black bear (D:6)
  3 ogres
  A phantom (D:6)
  A kobold brigand (D:6)
  2 bullfrogs (D:6)
  3 scorpions
  2 water moccasin zombies
  A wyvern skeleton (D:6)
  2 water moccasin skeletons
  2 wights
  4 bullfrog zombies
  A centaur zombie (D:6)
  5 hounds
  A human zombie (D:5)
  9 orc priests
  A centaur skeleton (D:4)
  A bullfrog skeleton (D:6)
  A gnoll shaman (D:6)
  3 iguanas
  2 orc wizards (D:6)
  A scorpion zombie (D:5)
  A killer bee zombie (D:5)
  2 hound zombies (D:5)
  5 mummies (D:5)
  10 gnolls
  6 adders
  A worm (D:2)
  4 dart slugs
  13 orcs
  2 ball pythons
  6 bats
  4 endoplasms
  3 giant cockroaches
  5 goblins
  7 hobgoblins
  4 jackals
  13 kobolds
  5 quokkas
  A frilled lizard (D:1)
  5 rats
147 creatures vanquished.

Vanquished Creatures (others)
  5 fungi (D:2)
5 creatures vanquished.

Grand Total: 152 creatures vanquished

Notes
Turn   | Place    | Note
-------+----------+-------------------------------------------
     0 | D:1      | Peloso the Minotaur Fighter began the quest for the Orb.
     0 | D:1      | Reached XP level 1. HP: 19/19 MP: 0/0
   164 | D:1      | Reached XP level 2. HP: 23/27 MP: 1/1
   374 | D:1      | Found a faded altar of an unknown god.
  1170 | D:2      | Found a runed translucent door.
  1171 | D:2      | Noticed Crazy Yiuf
  1211 | D:2      | Reached XP level 3. HP: 33/33 MP: 2/2
  1216 | D:2      | Reached skill level 3 in Long Blades
  2136 | D:3      | Reached XP level 4. HP: 40/40 MP: 3/3
  2465 | D:3      | You fall into a shaft and drop 2 floors!
  2465 | D:5      | Entered Level 5 of the Dungeon
  2469 | D:5      | Noticed an ogre
  2477 | D:4      | Found a transporter.
  2491 | D:4      | Reached skill level 4 in Long Blades
  2609 | D:4      | Found a transporter.
  2998 | D:3      | Found Tuwnutoh's Antique Weapon Shop.
  3191 | D:4      | Noticed an ogre
  3329 | D:4      | Killed an ogre
  3330 | D:4      | Reached skill level 5 in Armour
  3330 | D:4      | Reached XP level 5. HP: 43/47 MP: 4/4
  3334 | D:4      | Reached skill level 5 in Long Blades
  3338 | D:4      | Reached XP level 6. HP: 48/53 MP: 5/5
  3556 | D:3      | Reached skill level 1 in Dodging
  3828 | D:4      | Found a staircase to the Ecumenical Temple.
  3837 | D:4      | Reached skill level 5 in Fighting
  3837 | D:4      | Reached skill level 6 in Long Blades
  3843 | Temple   | Entered the Ecumenical Temple
  4088 | D:4      | Reached XP level 7. HP: 59/61 MP: 6/6
  4542 | D:5      | Reached skill level 7 in Long Blades
  4972 | D:5      | Reached skill level 5 in Shields
  5180 | D:5      | Reached XP level 8. HP: 62/70 MP: 7/7
  5348 | D:5      | Reached skill level 8 in Long Blades
  5369 | D:5      | Found a basalt altar of Yredelemnul.
  5602 | D:5      | Found an iron altar of Okawaru.
  5620 | D:5      | Became a worshipper of Warmaster Okawaru
  6092 | D:6      | Found a shimmering blue altar of Sif Muna.
  6106 | D:6      | Noticed Prince Ribbit
  6143 | D:6      | HP: 3/71 [Prince Ribbit (11)]
  6151 | D:6      | Killed Prince Ribbit
  6152 | D:6      | Reached skill level 9 in Long Blades
  6584 | D:6      | Reached skill level 1 in Stealth
  6700 | D:6      | Reached XP level 9. HP: 34/78 MP: 8/8
  6737 | D:6      | Reached * piety under Okawaru
  7131 | D:6      | Reached skill level 10 in Long Blades
  7449 | D:6      | Found a hide-covered altar of Uskayaw.
  7469 | D:6      | HP: 5/118 [orc warrior (4)]
  7471 | D:6      | HP: 1/118 [orc warrior (4)]
  7472 | D:6      | Mangled by an orc warrior

Illustrated notes

Levels and vault maps discovered:
D:1:      dpeg_arrival_renting, layout_loops_ring,
          shapermc_ecumenical_altar_mp_urbaneastern, minmay_pentomino_u2
D:2:      layout_loops_cross, uniq_crazy_yiuf_cottage
D:3:      layout_loops_ring, serial_shops, shop
D:4:      gammafunk_wand_slinger, layout_basic, minmay_temple_entry_wispy,
          serial_corexii_hall, chequers_hall_statues_corner_a,
          corexii_hall_statues_i, corexii_hall_statues_u, corexii_hall_statues_l
D:5:      layout_cave_pools, lemuel_mausoleum_altar_yredelemnul,
          okawaru_altar_gauntlet_db
D:6:      minmay_chambers_of_threes, layout_gridville,
          nicolae_overflow_hidden_temple, mainiacjoe_overflow_alcove_2,
          uniq_prince_ribbit1
Temple:   compressed_dpeg_circular_temple

Skill      XL: |  1  2  3  4  5  6  7  8  9 |
---------------+----------------------------+-----
Shields        | 4 5 6 |  6.3
Fighting       | 4 5 6 7 |  7.0
Armour         | 4 5 6 7 8 |  8.7
Long Blades    | 3 4 5 6 7 9 10 | 10.1
Dodging        | 1 2 |  2.7
Stealth        | 1 |  1.1

Action                   |  1- 3 |  4- 6 |  7- 9 || total
-------------------------+-------+-------+-------++-------
Melee: Long sword        |   118 |    86 |   269 ||   473
       Headbutt          |    24 |    16 |    66 ||   106
  Use: Scroll            |     7 |       |     1 ||     8
       Potion            |       |       |     3 ||     3
Armor: Scale mail        |    20 |       |       ||    20
       Chain mail        |    24 |    61 |   114 ||   199
Dodge: Dodged            |    48 |    40 |   100 ||   188
Block: Buckler           |    16 |    20 |    63 ||    99

Table legend: (Time is in decaauts)
 A = Elapsed time spent in this place.
 B = Non-inter-level travel time spent in this place.
 C = Inter-level travel time spent in this place.
 D = Time resting spent in this place.
 E = Time spent auto-exploring this place.
 F = Levels seen in this place.
 G = Mean time per level.
                   A        B        C        D        E       F      G
               +--------+--------+--------+--------+--------+-----+--------+
         Total |   7515 |   7369 |    146 |    889 |   5048 |   7 | 1073.6 |
       Dungeon |   7429 |   7283 |    146 |    889 |   5048 |   6 | 1238.2 |
        Temple |     85 |     85 |      0 |      0 |      0 |   1 |   85.0 |
               +--------+--------+--------+--------+--------+-----+--------+

Top non-repeatable levels by time:
     D:3: 1633 daAuts
     D:6: 1603 daAuts
     D:5: 1355 daAuts
     D:4: 1043 daAuts
     D:2: 948 daAuts
     D:1: 845 daAuts
  Temple: 85 daAuts
